Arrhythmia, chaotic female vampiric Convict ------------------ |................ |............... |............... |..........>.... |............... |----..-------------- --- --- --- --- --- --- --- --- --- --- --- --- | | |<...........................@.............................................| |.........@........................m.&....+................................| |..[^.....'e......| --- --- --- --- --- --- --- --- --- --- --- --- --- ---- |.................| |#................| ------------------- Arrhythmia the Prisoner Experience level: 11 Strength: 14 Dexterity: 15 Constitution: 20 Intelligence: 10 Wisdom: 10 Charisma: 7 Health: 0(140) Energy: 86(86) AC: 1 Gold: 0 Moves: 9784 Your Inventory: Weapons X - an [uncursed] rustproof [+0] broadsword named Luck Blade [Luck Blade] Armor a - an [uncursed] very rotted +0 pair of riding gloves [leather] (being worn) b - an uncursed +0 striped shirt (being worn) t - an uncursed thoroughly rotted +1 dwarvish cloak of clairvoyance (being worn) v - an [uncursed] +0 small shield (being worn) A - an [uncursed] thoroughly rusty +0 hard hat [dwarvish iron helm] (being worn) N - an [uncursed] +0 dwarvish mithril-coat (being worn) Scrolls d - an [uncursed] scroll of teleportation h - 2 [uncursed] scrolls of create monster k - a [blessed] scroll of teleportation Rings g - a [cursed -2] jade ring [of increase accuracy] Z - an uncursed platinum ring [of aggravate monster] Wands e - an [uncursed] wand of make invisible [0:7] p - an [uncursed] wand of magic missile [0:-1] q - an [uncursed] wand of light [0:-1] r - an uncursed wand of create monster (0:-1) s - an [uncursed] wand called tele [of teleportation (0:4)] u - an [uncursed] wand of make invisible [0:-1] E - an [uncursed] wand of striking [0:5] F - an [uncursed] wand called tele [of teleportation (0:6)] Tools G - an [uncursed] skeleton key Iron balls c - an [uncursed] thoroughly rusty heavy iron ball (weapon in hand) Spells known in the end: Name Level Category Fail Memory Your skills at the end: Fighting Skills body armor [Basic / Skilled] Weapon Skills flail [Expert / Expert] sling [Basic / Skilled] Spellcasting Skills Final Attributes: You were piously aligned. Hunger level was 374. Your alignment was 58 / 58. Monster difficulty range was 2 - 12. Level difficulty was 14. You were immune to poison. You were immune to level-drain. You were immune to sickness. You were hallucinating. You saw invisible. You were clairvoyant. You were invisible to others. You could fly. You could survive without air. You regenerated. You were extremely lucky (13). You had extra luck. Bad luck did not time out for you. Good luck did not time out for you. You are dead. Vanquished creatures: 3 disenchanters a prison guard a shopkeeper an inmate 2 ghosts a fire elemental a water elemental a small mimic a troll a sasquatch a tiger a tengu an energy vortex a mountain centaur an elf mummy a red naga a wraith a leather golem a succubus a quivering blob 4 cockatrices a lynx 2 spotted jellies 2 leprechauns 4 orc-captains an iron piercer a mumak 2 giant spiders 2 black lights a vampire bat 3 gnome kings an orc mummy a dwarf mummy 8 brown puddings 7 rust monsters a yeti a gold golem 2 werewolves 2 lizards a housecat 2 jaguars 2 dwarf lords a dust vortex 2 plains centaurs a gnome mummy a rope golem 2 Woodland-elves a fire ant 4 bugbears an imp 16 Mordor orcs 10 Uruk-hai 4 orc shamans a rock piercer an enormous rat 3 rock moles 2 ponies a fog cloud a yellow light 2 shriekers 2 violet fungi 18 gnome lords 8 gnomish wizards a guardian naga hatchling a gray ooze 2 elf zombies a straw golem a paper golem a baby crocodile a giant ant 2 little dogs 5 floating eyes 21 dwarves a homunculus a kobold lord a kobold shaman 25 hill orcs 4 rothes a rabid rat a giant bat 2 dwarf zombies a wererat 3 iguanas 16 killer bees 2 acid blobs 4 coyotes 2 gas spores 7 hobbits 6 manes 6 hobgoblins a giant rat a cave spider a brown mold a yellow mold a green mold 77 gnomes 2 garter snakes 3 geckos 6 jackals a fox 16 goblins 5 sewer rats 7 grid bugs 5 lichens 5 kobold zombies 4 newts and a partridge in a pear tree 411 creatures vanquished. Voluntary challenges: You pretended to be an ascet. You pretended to be a vegan. You pretended to be a vegetarian. You never hit with a wielded weapon. You read items or engraved 24 times. You put on armor 13 times. You never genocided any monsters. You never polymorphed an object. You never changed form. You used no wishes. You abstained from Elbereth's help. You never encountered a bones level. You never used any Sokoban shortcuts. Dungeon overview: The Dungeons of Doom: levels 1 to 14 Level 1 an altar to Tymora a long staircase Level 2 stairs to The Gnomish Mines Level 5 a fountain Level 6 a scroll shop Level 7 many fountains Level 8 a fountain a long staircase Level 10 stairs to Town Level 11 a fountain Level 12 many fountains, some trees Level 14 a throne portal to The Quest The Gnomish Mines: levels 3 to 10 Level 3 stairs to The Dungeons of Doom Level 6 many shops, a temple to Tymora, a magic chest, some fountains The Quest: Level 1 <- You were here a sink portal to The Dungeons of Doom Town: Level 9 stairs to The Dungeons of Doom History has recorded: On T:1 you entered the Dungeons of Doom to retrieve the Amulet of Yendor! On T:370 you advanced to experience level 2. On T:505 you reached level 2 of The Dungeons of Doom. On T:579 you advanced to experience level 3. On T:1094 you reached level 1 of The Gnomish Mines. On T:1098 you advanced to experience level 4. On T:1164 you advanced to experience level 5. On T:1301 you advanced to experience level 6. On T:1432 you reached level 2 of The Gnomish Mines. On T:1607 you advanced to experience level 7. On T:1903 you reached level 3 of The Gnomish Mines. On T:2075 you advanced to experience level 8. On T:2403 you reached level 4 of The Gnomish Mines. On T:2626 you received a fireproof sling of telepathy from Tymora. On T:2955 you received a fireproof sling of detonation from Tymora. On T:3022 you advanced to experience level 9. On T:3522 you received Luck Blade from Tymora. On T:3825 you received a rustproof flail of stealth from Tymora. On T:4178 you reached level 5 of The Gnomish Mines. On T:4545 you reached level 6 of The Gnomish Mines. On T:4823 you reached level 7 of The Gnomish Mines. On T:4873 you advanced to experience level 10. On T:5181 you reached level 8 of The Gnomish Mines. On T:6042 you reached level 3 of The Dungeons of Doom. On T:6160 you reached level 4 of The Dungeons of Doom. On T:6333 you reached level 5 of The Dungeons of Doom. On T:6926 you reached level 6 of The Dungeons of Doom. On T:7232 you reached level 7 of The Dungeons of Doom. On T:7756 you received advice from The Oracle. On T:7806 you reached level 8 of The Dungeons of Doom. On T:8128 you reached level 9 of The Dungeons of Doom. On T:8315 you advanced to experience level 11. On T:8509 you reached level 10 of The Dungeons of Doom. On T:8681 you reached level 3 of Town. On T:8780 you reached level 11 of The Dungeons of Doom. On T:9008 you reached level 12 of The Dungeons of Doom. On T:9128 you reached level 13 of The Dungeons of Doom. On T:9398 you reached level 14 of The Dungeons of Doom. On T:9630 you lost a bag of holding in a magical explosion. On T:9760 you reached level 1 of The Quest. Latest messages: You refuse. "I said 5500!" The shocking sphere swings her silver saber. The silver sears your flesh! The gargoyle hits! The heisenbug swings her silver saber. The wolpertinger just misses! [HP-8=57] You hit the lynx! You bite the mother-in-law. The lounge worm swings her silver saber. The silver sears your flesh! The bohrbug hits! The owlbear swings her silver saber. The silver sears your flesh! The Crow T. Robot hits! [HP-49=8] You hit the fire ant. You bite the Audrey II. The microscopic space fleet swings her silver saber. The silver sears your flesh! The seesawing sphere hits! You die... Final status: Goodbye Arrhythmia the Convict... You died in The Quest on dungeon level 1 with 29292 points, and 0 pieces of gold, after 9784 moves. You were level 11 with a maximum of 140 hit points when you died.